 Dungeon Crawl Stone Soup version 0.20.1-1-g8b1a95d (webtiles) character file.

78 Monsterracer the Ruffian (level 4, -4/31 HPs)
             Began as a Draconian Transmuter on July 3, 2017.
             Slain by Grinder (10 damage)
             ... on level 3 of the Dungeon.
             The game lasted 00:04:05 (2040 turns).

Monsterracer the Ruffian (Draconian Transmuter)     Turns: 2040, Time: 00:04:06

Health: -4/31      AC:  5    Str: 11    XL:     4   Next: 15%
Magic:  6/7        EV: 12    Int: 14    God:
Gold:   179        SH:  0    Dex: 11    Spells: 4/7 levels left

rFire    . . .     SeeInvis .     - Unarmed
rCold    . . .     Gourm    .   (no shield)
rNeg     . . .     Faith    .   (armour unavailable)
rPois    .         Spirit   .   (helmet restricted)
rElec    .         Reflect  .   (no cloak)
rCorr    .         Harm     .   (no gloves)
MR       .....                  (no boots)
Stlth    +.........             (no amulet)
Regen    0.1/turn               (no ring)
MPRegen  0.1/turn               (no ring)

@: no status effects
A: unfitting armour, frail 1, mutation resistance 1, weak 1, cold-blooded, AC +5
a: no special abilities


You were on level 3 of the Dungeon.
You were not hungry.

You visited 1 branch of the dungeon, and saw 3 of its levels.

You collected 179 gold pieces.

Inventory:

Missiles
 a - 53 arrows
Jewellery
 k - an uncursed amulet of magic regeneration {unknown}
Scrolls
 d - a scroll of random uselessness {unknown}
 e - a scroll of magic mapping {unknown}
 f - a scroll of fog {unknown}
 i - a scroll of remove curse {unknown}
 j - 2 scrolls of identify {unknown}
 l - a scroll of blinking {unknown}
 n - a scroll of teleportation {unknown}
Potions
 o - a potion of magic
Books
 b - a book of Changes

   Spells                             Type                      Level
   a - Beastly Appendage              Transmutation                1
   b - Sticks to Snakes               Transmutation                2
   c - Spider Form                    Transmutation/Poison         3
   d - Ice Form                       Ice/Transmutation            4
   e - Blade Hands                    Transmutation                5
Comestibles
 c - 2 bread rations
 g - 4 fruits
 h - 2 royal jellies
 m - a meat ration
 p - 5 chunks of flesh


   Skills:
 - Level 1.1 Fighting
 - Level 1.7 Dodging
 * Level 4.4 Unarmed Combat
 - Level 2.0 Spellcasting
 + Level 3.0 Transmutations


You had 4 spell levels left.
You knew the following spells:

 Your Spells              Type           Power        Failure   Level  Hunger
a - Beastly Appendage     Tmut           #.....       7%          1    ##.....
b - Sticks to Snakes      Tmut           #.......     11%         2    ###....


Dungeon Overview and Level Annotations

Branches:
Dungeon (3/15)

Altars:
Cheibriados
Zin

Annotations:
D:3 Grinder


Innate Abilities, Weirdness & Mutations

Your plain brown scales are hard. (AC +5)
You cannot fit into any form of body armour.
You are cold-blooded and may be slowed by cold attacks.
You are frail. (-10% HP)
You are somewhat resistant to further mutation.
You are weak. (Str -2)


Message History

The adder bites you but does no damage.
You hit the adder.
You kill the adder!
Your Transmutations skill increases to level 3!
You closely miss Grinder.
Your adder closely misses Grinder.
Grinder gestures at you. Pain shoots through your body!
* * * LOW HITPOINT WARNING * * *
Your adder misses Grinder.
Huge Dmg: -32%(-10hp) hp: 46%(14hp)
You closely miss Grinder. Grinder hits you but does no damage.
Your adder bites Grinder but does no damage.
You closely miss Grinder.
Your adder closely misses Grinder.
Grinder hits you.
* * * LOW HITPOINT WARNING * * *
You writhe in agony.
* * * LOW HITPOINT WARNING * * *
Huge Dmg: -29%(-9hp) hp: 20%(6hp)
You barely miss Grinder.
Your tail-slap misses Grinder.
Your adder barely misses Grinder.
Grinder hits you!
You die...

## )### # ..####.?.
######......# #
#@5..†....# #.
####S#######.....
#.###....# h..
#.......#### .
#.#.###.....
#####.#..........
###............###..
...).......>### .
#.#..........#


You could see Grinder and a friendly adder.

Vanquished Creatures
  An adder (D:3)
  4 dart slugs
  A giant cockroach (D:3)
  7 goblins
  10 hobgoblins
  4 jackals (D:3)
  5 kobolds (D:1)
  A quokka (D:2)
  A ball python (D:1)
  11 bats
  4 frilled lizards
  7 rats
56 creatures vanquished.

Notes
Turn   | Place    | Note
-------+----------+-------------------------------------------
     0 | D:1      | Monsterracer the Draconian Transmuter began the quest for the Orb.
     0 | D:1      | Reached XP level 1. HP: 16/16 MP: 3/3
    26 | D:1      | Gained mutation: You are weak. (Str -2) [potion of mutation]
    26 | D:1      | Gained mutation: You are frail. (-10% HP) [potion of mutation]
    26 | D:1      | Gained mutation: You are somewhat resistant to further mutation. [potion of mutation]
   164 | D:1      | Reached XP level 2. HP: 15/20 MP: 5/5
   176 | D:1      | Learned a level 2 spell: Sticks to Snakes
   783 | D:1      | Reached XP level 3. HP: 24/25 MP: 6/6
  1023 | D:1      | Reached skill level 4 in Unarmed Combat
  1238 | D:2      | Found a glowing silver altar of Zin.
  1238 | D:2      | Noticed an angel
  1457 | D:2      | Found a snail-covered altar of Cheibriados.
  2007 | D:3      | Noticed Grinder
  2029 | D:3      | Reached XP level 4. HP: 27/31 MP: 7/7
  2040 | D:3      | Slain by Grinder

Skill      XL: |  1  2  3  4 |
---------------+-------------+-----
Unarmed Combat | 4 |  4.4
Transmutations | 3 |  3.0
Fighting       | |  1.1
Dodging        | |  1.7
Spellcasting   | |  2.0

Action                   |  1- 3 |  4- 6 || total
-------------------------+-------+-------++-------
Melee: Unarmed           |   182 |     9 ||   191
       Tailslap          |     7 |     1 ||     8
       Punch             |     2 |       ||     2
       Kick              |     4 |       ||     4
       Headbutt          |     2 |       ||     2
 Cast: Beastly Appendage |    15 |       ||    15
       Sticks to Snakes  |       |     1 ||     1
  Use: Potion            |     6 |       ||     6
 Stab: Sleeping          |     1 |       ||     1
  Eat: Chunk             |     4 |       ||     4
Armor: Skin              |    61 |     4 ||    65
Dodge: Dodged            |   114 |     4 ||   118
